 Dungeon Crawl Stone Soup version 0.31-a0-1388-g4b2ba238e7 (webtiles) character file.

Game seed: 10663199439714909004

123 MisterAzrael the Magician (level 5, -6/31 HPs)
             Began as a Djinni Fire Elementalist on Dec 24, 2023.
             Was a Believer of Hepliaklqana.
             Mangled by a gnoll
             ... wielding a +0 halberd
              (13 damage)
             ... on level 3 of the Dungeon.
             The game lasted 00:04:32 (1531 turns).

MisterAzrael the Magician (DjFE)                    Turns: 1531, Time: 00:04:32

Health: -6/31      AC:  2    Str:  7    XL:     5   Next: 29%
Gold:   79         EV: 13    Int: 19    God:    Hepliaklqana [**....] SH:  0 Dex: 13

rFire   + + .        i - staff of cold
rCold   . . .        (no shield)
rNeg    . . .        a - +0 robe
rPois   ∞            (no helmet)
rElec   .            (no cloak)
rCorr   .            (no gloves)
SInv    .            (boots unavailable)
Will    .....        (no amulet)
Stlth   ++           (no ring)
HPRegen 0.25/turn    (no ring)
MPRegen 0.00/turn

%: infuse magic (-7 HP)
@: immotile, flying
A: reduced essence, sickness immunity, fire resistance 2, cold vulnerability 1,
float, innate caster, HP casting, extra vitality 1
a: Renounce Religion, Recall Ancestor, Ancestor Identity


You were on level 3 of the Dungeon.
You worshipped Hepliaklqana.
Hepliaklqana was pleased with you.
You visited 1 branch of the dungeon, and saw 3 of its levels.

You collected 79 gold pieces.

Inventory:

Armour
 a - a +0 robe (worn)
Magical Staves
 i - a staff of cold (weapon)
Jewellery
 d - an amulet of reflection
 h - a ring of fire
Scrolls
 c - 3 scrolls of identify {unknown}
 e - a scroll of teleportation {unknown}
 f - a scroll of brand weapon {unknown}
 k - a scroll of fog {unknown}
Potions
 b - a potion of invisibility {unknown}
 g - a potion of brilliance {unknown}
 j - 2 potions of enlightenment {unknown}
 l - 3 potions of curing {unknown}
 m - a potion of degeneration {unknown}


   Skills:
 + Level 3.6 Dodging
 + Level 2.8 Stealth
 + Level 3.7 Spellcasting
 + Level 3.7 Conjurations
 + Level 3.7 Hexes
 + Level 3.7 Summonings
 + Level 3.7 Necromancy
 + Level 3.7 Translocations
 + Level 3.7 Fire Magic
 + Level 3.7 Ice Magic
 + Level 3.7 Air Magic
 + Level 3.7 Earth Magic
 + Level 3.7 Alchemy


You knew the following spells:

 Your Spells              Type           Power      Damage    Failure   Level
a - Foxfire               Conj/Fire      68%        2x1d7     3%          1
b - Scorch                Fire           34%        2d6       4%          2
c - Volatile Blastmotes   Fire/Tloc      34%        2d12      9%          3
d - Inner Flame           Hex/Fire       17%        N/A       9%          3
e - Flame Wave            Conj/Fire      17%        2d7       30%         4
f - Apportation           Tloc           34%        N/A       3%          1
g - Momentum Strike       Conj/Tloc      34%        3d8       4%          2
Your spell library was empty.

Dungeon Overview and Level Annotations

Branches:
Dungeon (3/15)

Altars:
Hepliaklqana


Innate Abilities, Weirdness & Mutations

Your life essence is reduced to manifest your ancestor. (-10% HP)
You are immune to sickness and miasma.
You are immune to poison.
Your flesh is very heat resistant. (rF++)
You are vulnerable to cold. (rC-)
You float through the air rather than walking.
You learn spells naturally, not from books.
Your magical power is your life essence.
You have superior vitality. (+4 MHP)


Message History

Casting: Foxfire (safe; 3% risk of failure)
Confirm with . or Enter, or press ? or * to list all spells.
You can't see any susceptible monsters within range! (Use Z to cast anyway.)
A gnoll comes into view. It is wielding a +0 club.
The foxfire hits the gnoll.
The gnoll is lightly wounded.
The foxfire hits the gnoll.
The gnoll is moderately wounded.
Metatron casts a spell at the gnoll.
The puff of frost hits the gnoll!
The gnoll barely misses you.
Casting: Foxfire (safe; 3% risk of failure)
Confirm with . or Enter, or press ? or * to list all spells.
Aiming: Momentum Strike (safe; 4% risk of failure)
Press: ? - help, Dir - move target, f - gnoll
Aim: a gnoll, wielding a +0 spear (severely wounded, not watching you, ally target, 75% to hit)
The concentrated momentum misses the gnoll.
The gnoll hits you from afar with a +0 halberd.
The gnoll barely misses Metatron.
Metatron points at the gnoll and mumbles some strange words.
The stone arrow hits the gnoll!
The gnoll dies!
The gnoll barely misses you.
Found 16 gold pieces.
The gnoll attacks as it pursues you!
The gnoll hits you from afar with a +0 halberd!
Metatron barely misses the gnoll.
The gnoll hits you with a +0 club.
* * * LOW HITPOINT WARNING * * *
Casting: Momentum Strike (safe; 4% risk of failure)
Confirm with . or Enter, or press ? or * to list all spells.
Aiming: Momentum Strike (safe; 4% risk of failure)
Press: ? - help, Dir - move target, f - gnoll
Aim: a gnoll, wielding a +0 club (75% to hit)
The concentrated momentum hits the gnoll!
You kill the gnoll!
You are unable to move.
* * * LOW HITPOINT WARNING * * *
Metatron hits the gnoll with a +0 quarterstaff.
You cannot move.
You cannot move.
The gnoll hits you from afar with a +0 halberd!
You die...

#.# .# # #.# #.#.#
#######†####.#.###
#................ #
#.#####......#.## .#
##.#.............###..#
#.....................#
####.#######.........##
#.........+Rg.@.......
#.#.#######).)......##
#.#.# #<...........
#.#.# #.).......##.
#.#.# #.../.....+ #.#.#
#.........# #.#.#
#.#+#......$ #.#..
..#.#.###### #.# #.#


You could see the friendly Metatron the battlemage and a gnoll (ally target).

Vanquished Creatures
  2 gnolls (D:3)
  3 adders (D:2)
  A worm (D:2)
  A dart slug (D:2)
  3 ball pythons
  A bat (D:1)
  3 endoplasms
  A goblin (D:2)
  2 hobgoblins
  4 jackals (D:2)
  4 kobolds
  5 quokkas
  3 frilled lizards
  2 rats
35 creatures vanquished.

Vanquished Creatures (collateral kills)
  An adder (D:3)
  A gnoll (D:3)
  A dart slug (D:1)
  2 endoplasms (D:1)
  2 giant cockroaches
  A goblin (D:2)
  2 jackals (D:3)
  A bat (D:2)
  A rat (D:2)
  A foxfire (D:1)
13 creatures vanquished.

Vanquished Creatures (others)
  An ancestor (D:2)
  133 foxfires
134 creatures vanquished.

Grand Total: 182 creatures vanquished

Notes
Turn   | Place    | Note
-------+----------+-------------------------------------------
     0 | D:1      | MisterAzrael the Djinni Fire Elementalist began the quest
                  | for the Orb.
     0 | D:1      | MisterAzrael set off with the following spells memorised:
                  | Foxfire, Scorch, Volatile Blastmotes, Inner Flame, Flame
                  | Wave.
     0 | D:1      | Reached XP level 1. HP: 15/15 MP: 0/0
   127 | D:1      | Found a faded altar of an unknown god.
   134 | D:1      | Prayed at the altar of an unknown god.
   134 | D:1      | Became a worshipper of Hepliaklqana the Forgotten
   134 | D:1      | Reached * piety under Hepliaklqana
   160 | D:1      | Reached XP level 2. HP: 15/18 MP: 0/0
   742 | D:1      | Reached XP level 3. HP: 16/22 MP: 0/0
   742 | D:1      | Learned a level 1 spell: Apportation
  1155 | D:2      | Reached XP level 4. HP: 22/27 MP: 0/0
  1352 | D:2      | Reached ** piety under Hepliaklqana
  1387 | D:2      | Remembered your ancestor Metatron as a battlemage
  1413 | D:2      | You are sucked into a shaft and drop 1 floor!
  1523 | D:3      | Reached XP level 5. HP: 27/31 MP: 0/0
  1523 | D:3      | Learned a level 2 spell: Momentum Strike
  1531 | D:3      | Mangled by a gnoll

Illustrated notes

Levels and vault maps discovered:
D:1:      ncdulo_smallfort, layout_basic, dreamdust_ecumenical_altar_statues,
          serial_forest, infiniplex_forest_clump_double,
          infiniplex_forest_diagonal, infiniplex_forest_clump_diagonal,
          infiniplex_forest_end_1, infiniplex_forest_side_room,
          infiniplex_forest_end_2
D:2:      layout_basic, basic_altar
D:3:      layout_basic, uniq_sigmund, uniq_natasha

Skill      XL: |  1  2  3 |
---------------+----------+-----
Stealth        | 2 |  2.8
Dodging        | 3 |  3.6
Spellcasting   | |  3.7
Conjurations   | |  3.7
Hexes          | |  3.7
Summonings     | |  3.7
Necromancy     | |  3.7
Translocations | |  3.7
Fire Magic     | |  3.7
Ice Magic      | |  3.7
Air Magic      | |  3.7
Earth Magic    | |  3.7
Alchemy        | |  3.7

Action                     |  1- 3 |  4- 6 || total
---------------------------+-------+-------++-------
  Melee: Unarmed           |     4 |       ||     4
         Staff             |       |     1 ||     1
   Cast: Foxfire           |    55 |    25 ||    80
         Momentum Strike   |       |     2 ||     2
 Invoke: Recall Ancestor   |       |     1 ||     1
         Ancestor Life: Ba |       |     1 ||     1
         Ancestor Identity |       |     1 ||     1
   Stab: Sleeping          |     1 |       ||     1
 Armour: Robe              |    18 |    10 ||    28
  Dodge: Dodged            |    35 |     7 ||    42

Table legend: (Time is in decaauts)
 A = Elapsed time spent in this place.
 B = Non-inter-level travel time spent in this place.
 C = Inter-level travel time spent in this place.
 D = Time resting spent in this place.
 E = Time spent auto-exploring this place.
 F = Levels seen in this place.
 G = Mean time per level.
                   A        B        C        D        E       F      G
               +--------+--------+--------+--------+--------+-----+--------+
         Total |   1530 |   1508 |     22 |    165 |   1037 |   3 |  510.0 |
       Dungeon |   1530 |   1508 |     22 |    165 |   1037 |   3 |  510.0 |
               +--------+--------+--------+--------+--------+-----+--------+

Top non-repeatable levels by time:
     D:1: 898 daAuts
     D:2: 514 daAuts
     D:3: 117 daAuts
